 Dungeon Crawl Stone Soup version 0.28-a0-474-g535839065c (webtiles) character file.

Game seed: 4712496843206572720

49 Spaninq the Chiller (level 3, 0/24 HPs)
             Began as a Demonspawn Ice Elementalist on Sept 15, 2021.
             Slain by a bullfrog zombie (5 damage)
             ... on level 3 of the Dungeon.
             The game lasted 00:05:36 (2012 turns).

Spaninq the Chiller (Demonspawn Ice Elementalist)   Turns: 2012, Time: 00:05:37

Health: 0/24       AC:  3    Str:  8    XL:     3   Next: 51%
Magic:  7/7        EV: 12    Int: 19    God:
Gold:   87         SH:  0    Dex: 13    Spells: 0/7 levels left

rFire   . . .      SeeInvis .   d - +0 whip
rCold   . . .      Faith    .   (no shield)
rNeg    . . .      Spirit   .   a - +0 robe
rPois   .          Reflect  .   (helmet restricted)
rElec   .          Harm     .   (no cloak)
rCorr   .          Rampage  .   b - +0 pair of gloves
Will    .....                   (no boots)
Stlth   ++........              (no amulet)
HPRegen 0.08/turn               (no ring)
MPRegen 0.10/turn               (no ring)

@: no status effects
A: antennae 1, big brain 1
a: no special abilities


You were on level 3 of the Dungeon.
You visited 1 branch of the dungeon, and saw 3 of its levels.

You collected 87 gold pieces.

Inventory:

Hand Weapons
 d - a +0 whip (weapon)
Missiles
 j - 36 stones
Armour
 a - a +0 robe (worn)
 b - a +0 pair of gloves (worn)
Jewellery
 m - a ring of fire
Scrolls
 e - 2 scrolls of fog {unknown}
 l - a scroll of teleportation {unknown}
Potions
 c - a potion of degeneration {unknown}
 f - a potion of curing {unknown}
 g - a potion of invisibility {unknown}
 h - a potion of resistance {unknown}
 i - a potion of lignification {unknown}
 k - 2 potions of heal wounds {unknown}


   Skills:
 - Level 1.7 Dodging
 - Level 1.7 Stealth
 + Level 2.9 Spellcasting
 + Level 4.2 Ice Magic


You couldn't memorise any spells.
You knew the following spells:

 Your Spells              Type           Power      Damage    Failure   Level
a - Freeze                Ice            76%        1d9       2%          1
b - Frozen Ramparts       Ice            38%        1d5       8%          3
c - Ozocubu's Armour      Ice            19%        N/A       8%          3

Your spell library contained the following spells:

 Spells                   Type           Power      Damage    Failure   Level
 Beastly Appendage        Tmut           4%         N/A       16%         1
 Wereblood                Tmut           2%         N/A       24%         2
 Spider Form              Tmut/Pois      1%         N/A       43%         3
 Hailstorm                Conj/Ice       10%        3d5       54%         4


Dungeon Overview and Level Annotations

Branches:
Dungeon (3/15)

Altars:


Innate Abilities, Weirdness & Mutations

You have a pair of small antennae on your head.
You have an unusually large brain. (Int +2)


Message History

You hit the frilled lizard.
You kill the frilled lizard!
The bullfrog zombie barely misses you. The bullfrog zombie barely misses you.
Found a stone staircase leading down.
The bullfrog zombie hits you. 2 gnolls come into view.
Found a dagger and a robe.
The gnoll shouts!
A gnoll comes into view. It is wielding a +0 club.
The gnoll shouts! x2
The bullfrog zombie closely misses you.
There is a stone staircase leading down here.
The bullfrog zombie completely misses you.
The bullfrog zombie barely misses you.
The bullfrog zombie hits you but does no damage.
The bullfrog zombie barely misses you. The bullfrog zombie misses you.
The bullfrog zombie closely misses you. The bullfrog zombie barely misses you.
The bullfrog zombie hits you. The bullfrog zombie hits you.
The bullfrog zombie hits you.
The bullfrog zombie hits you but does no damage.
The bullfrog zombie closely misses you. The bullfrog zombie hits you.
The bullfrog zombie closely misses you.
A hobgoblin comes into view.
The bullfrog zombie hits you.
The hobgoblin moves out of view.
The bullfrog zombie closely misses you. The bullfrog zombie hits you.
* * * LOW HITPOINT WARNING * * *
The hobgoblin shouts!
The bullfrog zombie hits you but does no damage.
The bullfrog zombie hits you.
* * * LOW HITPOINT WARNING * * *
The bullfrog zombie hits you.
* * * LOW HITPOINT WARNING * * *
The bullfrog zombie completely misses you.
The bullfrog zombie hits you.
You die...

#.#######
####.)Kg....
#....#######
#....#
#....#
#....#######
####.......#
#.#####.#
#.@..#
#Z##.#
#.##.#
#g##.#
#.##.#
#.##.#
#g##.#
#.##.#
#.##.#


You could see a gnoll, a bullfrog zombie and a hobgoblin.

Vanquished Creatures
  An adder (D:2)
  A worm (D:2)
  A dart slug (D:1)
  7 endoplasms
  A giant cockroach (D:1)
  5 hobgoblins
  2 jackals (D:1)
  A quokka (D:1)
  4 ball pythons
  4 bats
  2 frilled lizards
  3 kobolds (D:1)
32 creatures vanquished.

Notes
Turn   | Place    | Note
-------+----------+-------------------------------------------
     0 | D:1      | Spaninq the Demonspawn Ice Elementalist began the quest for
                  | the Orb.
     0 | D:1      | Reached XP level 1. HP: 13/13 MP: 3/3
   305 | D:1      | Gained mutation: You have a pair of small antennae on your
                  | head. [demonic ancestry]
   305 | D:1      | Reached XP level 2. HP: 19/19 MP: 0/5
   479 | D:1      | Reached skill level 4 in Ice Magic
   846 | D:1      | Found a faded altar of an unknown god.
  1373 | D:2      | Gained mutation: You have an unusually large brain. (Int
                  | +2) [demonic ancestry]
  1373 | D:2      | Reached XP level 3. HP: 24/24 MP: 1/7
  1582 | D:2      | Learned a level 3 spell: Frozen Ramparts
  1586 | D:2      | Learned a level 3 spell: Ozocubu's Armour
  2012 | D:3      | Slain by a bullfrog zombie

Illustrated notes

Levels and vault maps discovered:
D:1:      beargit_arrival_diablo_church, layout_basic,
          shapermc_ecumenical_altar_ellora, chequers_serial_rivers_room_b,
          minmay_pentomino_v2
D:2:      layout_rooms
D:3:      layout_basic, nicolae_overflow_hidden_temple, kennysheep_nub,
          uniq_robin, uniq_natasha

Skill      XL: |  1  2 |
---------------+-------+-----
Ice Magic      | 4 |  4.2
Dodging        | |  1.7
Stealth        | |  1.7
Spellcasting   | |  2.9

Action                   || total
-------------------------++-------
Melee: Whip              ||     1
 Cast: Freeze            ||    55
Armor: Robe              ||    12
Dodge: Dodged            ||    39

Table legend: (Time is in decaauts)
 A = Elapsed time spent in this place.
 B = Non-inter-level travel time spent in this place.
 C = Inter-level travel time spent in this place.
 D = Time resting spent in this place.
 E = Time spent auto-exploring this place.
 F = Levels seen in this place.
 G = Mean time per level.
                   A        B        C        D        E       F      G
               +--------+--------+--------+--------+--------+-----+--------+
         Total |   2014 |   1982 |     32 |    448 |   1101 |   3 |  671.3 |
       Dungeon |   2014 |   1982 |     32 |    448 |   1101 |   3 |  671.3 |
               +--------+--------+--------+--------+--------+-----+--------+

Top non-repeatable levels by time:
     D:1: 1186 daAuts
     D:2: 663 daAuts
     D:3: 164 daAuts
